 Dungeon Crawl Stone Soup version 0.25-a0-426-g7d9e569eea (webtiles) character file.

Game seed: 18347252563934965890, levelgen mode: deterministic

44 BeastOfSaturn the Firebug (level 3, -2/32 HPs)
             Began as an Ogre Fire Elementalist on Jan 25, 2020.
             Killed from afar by an adder (22 damage)
             ... with an exploding inner flame
             ... hexed by the player character
             ... on level 2 of the Dungeon.
             The game lasted 00:08:01 (1708 turns).

BeastOfSaturn the Firebug (Ogre Fire Elementalist)  Turns: 1708, Time: 00:08:03

Health: -2/32      AC:  3    Str: 13    XL:     3   Next: 62%
Magic:  1/7        EV: 10    Int: 16    God:
Gold:   54         SH:  0    Dex:  9    Spells: 3/7 levels left

rFire    + . .     SeeInvis .   b - +0 mace
rCold    . . .     Gourm    .   (no shield)
rNeg     . . .     Faith    .   a - +0 robe
rPois    .         Spirit   .   (helmet restricted)
rElec    .         Reflect  .   (no cloak)
rCorr    .         Harm     .   (gloves unavailable)
MR       .....                  (boots unavailable)
Stlth    ++........             (no amulet)
HPRegen  0.10/turn              h - ring of protection from fire
MPRegen  0.10/turn              (no ring)

@: very slightly contaminated
A: large, unfitting armour, tough skin 1
a: no special abilities


You were on level 2 of the Dungeon.
You were not hungry.

You visited 1 branch of the dungeon, and saw 2 of its levels.

You collected 54 gold pieces.

Inventory:

Hand Weapons
 b - a +0 mace (weapon)
Armour
 a - a +0 robe (worn)
Jewellery
 h - a ring of protection from fire (left hand)
Scrolls
 d - a scroll of enchant weapon {unknown}
 e - 3 scrolls of identify {unknown}
 g - 3 scrolls of teleportation {unknown}
 i - 2 scrolls of remove curse {unknown}
 k - a scroll of blinking {unknown}
 l - a scroll of fear {unknown}
Potions
 f - a potion of heal wounds {unknown}
 m - a potion of agility {unknown}
Comestibles
 c - 3 rations


   Skills:
 * Level 0.7 Fighting
 + Level 1.0 Maces & Flails
 + Level 2.0 Dodging
 + Level 1.5 Stealth
 + Level 2.8 Spellcasting
 + Level 1.4 Conjurations
 + Level 3.0 Fire Magic


You had 3 spell levels left.
You knew the following spells:

 Your Spells              Type           Power        Failure   Level  Hunger
a - Foxfire               Conj/Fire      #...         8%          1    #......
b - Inner Flame           Hex/Fire       #.......     30%         3    ###....

Your spell library contained the following spells:

 Spells                   Type           Power        Failure   Level  Hunger
 Conjure Flame            Conj/Fire      #.......     22%         3    ###....
 Sticky Flame             Conj/Fire      #.......     58%         4    #####..
 Fireball                 Conj/Fire      #.........   91%         5    ######.


Dungeon Overview and Level Annotations

Branches:
Dungeon (2/15)

Altars:


Innate Abilities, Weirdness & Mutations

You are too large for most types of armour.
You have tough skin. (AC +1)


Message History

The adder closely misses you. The adder closely misses you.
Casting: Inner Flame (safe; 30% risk of failure)
Confirm with . or Enter, or press ? or * to list all spells.
Aiming: Inner Flame (safe; 30% risk of failure)
Press: ? - help, Shift-Dir - straight line, f - adder
Aim: an adder (chance to defeat MR: 60%)
The adder is filled with an inner flame.
The adder barely misses you.
You hit the adder.
Flame seeps out of the adder.
The adder is moderately wounded.
The adder is engulfed in blazing flames.
Flame seeps out of the adder.
The adder bites you.
You hit the adder.
The adder explodes!
The fiery explosion engulfs the goblin!!!
You kill the goblin!
The fiery explosion engulfs you!! You resist.
Ouch! That really hurt!
You die...

##### #....
######.###
#.......##
#.##).....
###########.##.#..#.
#†°@...........#..#.
#§#########.####....
#.# #.#####.## #g#
#.......## #g#
########## ##.# #
#.K# # #(## ### #(#
#..


There were no monsters in sight!

Vanquished Creatures
  An ooze (D:2)
  3 leopard geckos
  4 bats (D:1)
  2 giant cockroaches
  6 goblins
  3 hobgoblins
  2 jackals (D:1)
  4 kobolds
  5 frilled lizards
  6 rats
36 creatures vanquished.

Vanquished Creatures (others)
  49 foxfires
49 creatures vanquished.

Grand Total: 85 creatures vanquished

Notes
Turn   | Place    | Note
-------+----------+-------------------------------------------
     0 | D:1      | BeastOfSaturn the Ogre Fire Elementalist began the quest
                  | for the Orb.
     0 | D:1      | Reached XP level 1. HP: 16/16 MP: 3/3
   451 | D:1      | Reached XP level 2. HP: 20/24 MP: 0/5
   536 | D:1      | Reached skill level 3 in Fire Magic
   608 | D:1      | Reached skill level 1 in Conjurations
  1085 | D:1      | Reached XP level 3. HP: 30/32 MP: 7/7
  1097 | D:1      | Learned a level 3 spell: Inner Flame
  1575 | D:2      | Reached skill level 1 in Maces & Flails
  1708 | D:2      | Killed from afar by an adder

Levels and vault maps discovered:
D:1:      eino_arrival_cavern_e, layout_basic, corexii_hall_statues_i
D:2:      layout_loops_cross, nrook_loot_triangle, minmay_tetromino_t4

Skill      XL: |  1  2  3 |
---------------+----------+-----
Fire Magic     | 3 |  3.0
Conjurations   | 1 |  1.4
Dodging        | 2 |  2.0
Maces & Flails | 1 |  1.0
Fighting       | |  0.7
Stealth        | |  1.5
Spellcasting   | |  2.8

Action                   || total
-------------------------++-------
Melee: Mace              ||    64
 Cast: Foxfire           ||    34
       Inner Flame       ||     2
  Eat: Ration            ||     1
Armor: Robe              ||    38
Dodge: Dodged            ||    79

Table legend:
 A = Non-vault XP
 B = Vault XP
 C = Vault XP percentage of total XP
 D = Non-vault monster count
 E = Vault monster count
 F = Vault count percentage of total count
                 A         B        C        D         E       F
            +---------+---------+-------+---------+---------+-------
      Total |      61 |       3 |   4.7 |      35 |       1 |   2.8
            +---------+---------+-------+---------+---------+-------
        D:1 |      37 |       0 |   0.0 |      24 |       0 |   0.0
        D:2 |      24 |       3 |  11.1 |      11 |       1 |   8.3
            +---------+---------+-------+---------+---------+-------
